 Dungeon Crawl Stone Soup version 0.31.0-9-g3a7656b989 (webtiles) character file.

Game seed: 1104046882533671839

461 AuftragZ the Magician (level 6, -5/32 HPs)
             Began as a Deep Elf Earth Elementalist on Feb 2, 2024.
             Was an Initiate of Sif Muna.
             Shot with an arrow by a centaur (14 damage)
             ... on level 4 of the Dungeon.
             The game lasted 00:25:41 (3757 turns).

AuftragZ the Magician (Deep Elf Earth Elementalist) Turns: 3757, Time: 00:25:41

Health: -5/32      AC:  3    Str:  5    XL:     6   Next: 79%
Magic:  24/26      EV: 12    Int: 22    God:    Sif Muna [......]
Gold:   248        SH:  0    Dex: 15    Spells: 6/17 levels left

rFire   . . .        (no weapon)
rCold   . . .        (no shield)
rNeg    . . .        a - +0 robe
rPois   .            (no helmet)
rElec   .            i - +0 cloak
rCorr   .            (no gloves)
SInv    .            (no boots)
Will    .....        f - amulet of the acrobat
Stlth   ++           h - ring of magical power
HPRegen 0.25/turn    m - ring of wizardry
MPRegen 0.20/turn

%: acrobat, wizardry (x1)
@: lethally poisoned (-5 -> -19)
A: no striking features
a: Renounce Religion


You were on level 4 of the Dungeon.
You worshipped Sif Muna.
Sif Muna was noncommittal.
You visited 2 branches of the dungeon, and saw 5 of its levels.

You collected 248 gold pieces.

Inventory:

Hand Weapons
 q - a +3 quarterstaff of chaos
Armour
 a - a +0 robe (worn)
 i - a +0 cloak (worn)
Jewellery
 f - an amulet of the acrobat (around neck)
 h - a ring of magical power (left hand)
 m - a ring of wizardry (right hand)
Talismans
 r - a beast talisman
Wands
 j - a wand of roots (4)
 n - a wand of flame (25)
Scrolls
 d - a scroll of noise {unknown}
 o - a scroll of amnesia {unknown}
 p - a scroll of enchant armour {unknown}
 s - 2 scrolls of identify
Potions
 b - a potion of magic
 c - a potion of haste
 e - a potion of ambrosia {unknown}
 g - 2 potions of brilliance
 l - 3 potions of attraction {unknown}


   Skills:
 + Level 0.2 Fighting
 - Level 2.4 Dodging
 + Level 3.1 Stealth
 + Level 6.4 Spellcasting
 * Level 3.5 Conjurations
 + Level 5.6 Earth Magic


You had 6 spell levels left.
You knew the following spells:

 Your Spells              Type           Power      Damage    Failure   Level
a - Sandblast             Erth           64%        2d14      1%          1
b - Passwall              Erth           32%        N/A       1%          3
c - Stone Arrow           Conj/Erth      54%        3d10      1%          3
d - Brom's Barrelling Bo  Conj/Erth      27%        2d5       5%          4

Your spell library contained the following spells:

 Spells                   Type           Power      Damage    Failure   Level
 Sting                    Conj/Alch      56%        1d6       1%          1
 Mercury Vapours          Alch/Air       14%        N/A       5%          2
 Petrify                  Alch/Erth      19%        N/A       11%         4
 Olgreb's Toxic Radiance  Alch           7%         N/A       32%         4


Dungeon Overview and Level Annotations

Branches:
Dungeon (4/15)             Temple (1/1) D:4

Altars:
Ashenzari
Cheibriados
Dithmenos
Elyvilon
Fedhas
Gozag
Hepliaklqana
Kikubaaqudgha
Makhleb
Okawaru
Qazlal
Ru
Sif Muna
Trog
Uskayaw
Wu Jian
Xom
Zin

Shops:
D:3 [

Annotations:
D:4 PanSaczeczos's ghost, novice SpCA


Message History

The blast of sand hits the ball python!
You kill the ball python!
Sif Muna accepts your kill.
The centaur wields a +0 orcbow.
The centaur shoots an arrow.
The arrow completely misses you.
The scorpion stings you but does no damage.
PanSaczeczos's ghost hits you.
You are poisoned.
Casting: Sandblast (safe; 1% risk of failure)
Confirm with . or Enter, or press ? or * to list all spells.
Aiming: Sandblast (safe; 1% risk of failure)
Press: ? - help, Shift-Dir - straight line, f/p - centaur
Aim: a centaur, wielding a +0 orcbow (90% to hit)
The blast of sand hits the scorpion!
The scorpion is severely wounded.
You feel very sick. The scorpion stings you.
PanSaczeczos's ghost closely misses you.
The scorpion misses you.
You feel better. PanSaczeczos's ghost hits you.
You are poisoned.
The scorpion closely misses you.
You feel sick. The scorpion completely misses you.
You feel sick.
PanSaczeczos's ghost attacks as it pursues you!
PanSaczeczos's ghost barely misses you.
Casting: Sandblast (safe; 1% risk of failure)
Confirm with . or Enter, or press ? or * to list all spells.
Aiming: Sandblast (safe; 1% risk of failure)
Press: ? - help, Shift-Dir - straight line, f/p - centaur
Aim: a centaur, wielding a +0 orcbow (90% to hit)
The blast of sand hits the scorpion!
You kill the scorpion!
Sif Muna accepts your kill.
You feel sick.
The centaur shoots an arrow.
The arrow hits you! PanSaczeczos's ghost hits you.
* * * LOW HITPOINT WARNING * * *
You are lethally poisoned!
The centaur shoots an arrow.
The arrow hits you!
You die...

#............####... .
##...............#.... ..
##........#............ #.
##......##.#................ #.
#.....#.....................##.
##...##........................
##...##......................#
#.....#.......W...........#..#
#....###..##.@†...........#.##
##....###....##c''####.#.#...#
##...........##$$...##..#.#....
#........##).#..._..∩#.........
##.......###.#8$.8.$8##........
###.#..## #.#..$?.$.###.......
###...# ####∩8∩8.###.......#
##..#. #.#######.....#....
#.....##.....##..........


You could see a centaur and PanSaczeczos's ghost.

Vanquished Creatures
  Sigmund (D:2)
  A sky beast (D:3)
  A scorpion (D:4)
  A hound (D:4)
  Crazy Yiuf (D:3)
  Robin (D:2)
  4 adders
  A shadow imp (D:3)
  A white imp (D:3)
  3 dart slugs
  2 ribbon worms
  An orc (D:4)
  14 ball pythons
  2 bats (D:2)
  5 endoplasms
  3 giant cockroaches
  8 hobgoblins
  5 jackals
  7 quokkas
  2 frilled lizards
  13 goblins
  8 kobolds
  9 rats
94 creatures vanquished.

Notes
Turn   | Place    | Note
-------+----------+-------------------------------------------
     0 | D:1      | AuftragZ the Deep Elf Earth Elementalist began the quest
                  | for the Orb.
     0 | D:1      | Reached XP level 1. HP: 10/10 MP: 6/6
   148 | D:1      | Reached XP level 2. HP: 15/15 MP: 6/8
   461 | D:1      | Reached XP level 3. HP: 19/19 MP: 7/10
   465 | D:1      | Learned a level 3 spell: Passwall
   469 | D:1      | Learned a level 3 spell: Stone Arrow
   501 | D:1      | Found a faded altar of an unknown god.
  1157 | D:2      | Noticed Robin
  1166 | D:2      | Killed Robin
  1167 | D:2      | Reached skill level 4 in Spellcasting
  1168 | D:2      | Reached XP level 4. HP: 14/24 MP: 6/12
  1506 | D:2      | Identified the +6 dagger of Currency {antimagic, Int+3}
  1829 | D:2      | Noticed Sigmund
  1834 | D:2      | Killed Sigmund
  1835 | D:2      | Reached skill level 5 in Spellcasting
  1835 | D:2      | Reached skill level 5 in Earth Magic
  1835 | D:2      | Reached XP level 5. HP: 23/28 MP: 8/14
  2330 | D:3      | Found an ornate altar of the Wu Jian Council.
  2330 | D:3      | Found a glowing silver altar of Zin.
  2338 | D:3      | Noticed a sky beast
  2385 | D:3      | Found a transporter.
  2402 | D:3      | Killed a sky beast
  2403 | D:3      | Reached skill level 6 in Spellcasting
  2403 | D:3      | Reached XP level 6. HP: 22/32 MP: 14/17
  2408 | D:3      | Found a transporter.
  2502 | D:3      | Found Zein's Antique Armour Shoppe.
  2517 | D:3      | Found an ancient bone altar of Kikubaaqudgha.
  3056 | D:3      | Found a runed translucent door.
  3057 | D:3      | Noticed Crazy Yiuf
  3063 | D:3      | Killed Crazy Yiuf
  3268 | D:4      | Found a staircase to the Ecumenical Temple.
  3287 | Temple   | Entered the Ecumenical Temple
  3416 | Temple   | Became a worshipper of Sif Muna the Loreminder
  3545 | D:4      | Learned a level 4 spell: Brom's Barrelling Boulder
  3714 | D:4      | Found a runed translucent gate.
  3715 | D:4      | Found a runed translucent gate.
  3715 | D:4      | Found an opulent altar of Gozag.
  3716 | D:4      | Found a runed translucent gate.
  3717 | D:4      | Noticed PanSaczeczos's ghost (novice SpCA)
  3757 | D:4      | Shot with an arrow by a centaur

Illustrated notes

Levels and vault maps discovered:
D:1:      hellmonk_arrival_library, layout_basic,
          shapermc_ecumenical_altar_notcrosses
D:2:      layout_basic, uniq_sigmund, uniq_robin
D:3:      layout_basic, old_standard_altar, gammafunk_temple_overflow_arena,
          serial_shops, shop, dk_noncrumbling_4, minivault_4,
          minmay_misc_feat_secret_circle, corexii_leaking_fountain,
          saegor_snake_ambush, uniq_crazy_yiuf_cottage
D:4:      layout_cave_pools, minmay_temple_entry_statues, ebering_ghost_gozag
Temple:   nicolae_temple_two_arcs

Skill      XL: |  1  2  3  4  5 |
---------------+----------------+-----
Earth Magic    | 4 5 |  5.6
Spellcasting   | 4 5 6 |  6.4
Conjurations   | 2 3 |  3.5
Stealth        | 3 |  3.1
Fighting       | |  0.2
Dodging        | |  2.4

Action                     |  1- 3 |  4- 6 || total
---------------------------+-------+-------++-------
  Melee: Unarmed           |       |     3 ||     3
   Cast: Sandblast         |    47 |    72 ||   119
         Passwall          |       |     2 ||     2
         Stone Arrow       |       |     3 ||     3
    Use: Scroll            |     4 |     6 ||    10
         Potion            |       |     1 ||     1
 Armour: Robe              |     5 |    28 ||    33
  Dodge: Dodged            |     9 |    26 ||    35
